 Dungeon Sprint DCSS version 0.26-a0-665-gefeb406119 (webtiles) character file.

Game seed: 12739957920983486137

73224 mhtbhm the Petrodigitator (level 14, -9/68 HPs)
             Began as a Gargoyle Earth Elementalist on Oct 12, 2020.
             Was the Champion of Vehumet.
             Mangled by a bone dragon (17 damage)
             ... in the Dungeon (Sprint III: "The Ten Rune Challenge") on Oct 13, 2020.
             The game lasted 00:40:23 (6980 turns).

mhtbhm the Petrodigitator (GrEE)                    Turns: 6980, Time: 00:40:24

Health: -9/68      AC: 20    Str: 16    XL:     14   Next: 98%
Magic:  13/42      EV: 14    Int: 20    God:    Vehumet [******]
Gold:   256        SH:  5    Dex: 10    Spells: 3/62 levels left

rFire    + + .     SeeInvis .   z - staff of earth
rCold    + + .     Faith    .   (no shield)
rNeg     + . .     Spirit   .   c - +2 robe {rC+}
rPois    ∞         Reflect  +   (no helmet)
rElec    +         Harm     .   i - +1 cloak {rCorr}
rCorr    +         Rampage  .   u - +0 pair of gloves {archery}
MR       +++..     NoTele   +   I - +2 pair of boots {Stlth+}
Stlth    ++........             x - amulet "Bugref" {Reflect Fragile MR++ Str+3 Slay+3 SH+5}
HPRegen  0.21/turn              q - ring of wizardry
MPRegen  0.28/turn              F - ring of Rexkoype {rElec rPois rF++ rCorr Slay-2}

@: flying, studying Polearms
A: big wings, blink, cold resistance 1, negative energy resistance 1,
electricity resistance, unbreathing, petrification resistance, rot immunity, AC
+10
}: 1/10 runes: decaying
a: Stop Flying, Blink, Renounce Religion


You were in the Dungeon.
You worshipped Vehumet.
Vehumet was exalted by your worship.
You visited 1 branch You collected 2310 gold pieces.
You spent 2054 gold pieces at shops.

Inventory:

Hand Weapons
 P - the +7 lajatang of Order {silver, rMut}
   (You found it in the Dungeon)

   It protects you from mutation.
Missiles
 b - 12 stones (quivered)
 H - 7 curare-tipped darts
Armour
 c - a +2 robe of cold resistance (worn)
 i - a +1 cloak of preservation (worn)
 u - a +0 pair of gloves of archery (worn)
 I - a +2 pair of boots of stealth (worn)
Magical Staves
 z - an uncursed staff of earth (weapon)
 A - an uncursed staff of conjuration
 O - an uncursed staff of cold
Jewellery
 p - an uncursed ring of magical power
 q - a ring of wizardry (left hand)
 w - an uncursed ring of ice
 x - the amulet "Bugref" (around neck) {Reflect Fragile MR++ Str+3 Slay+3 SH+5}
   (You found it in the Dungeon)

   [amulet of reflection]

   It shields you and reflects attacks.
   It affects your strength (+3).
   It affects your accuracy and damage with ranged weapons and melee attacks
   (+3).
   It affects your resistance to hostile enchantments.
   It will be destroyed if unequipped.
   It affects your SH (+5).
 F - the ring of Rexkoype (right hand) {rElec rPois rF++ rCorr Slay-2}
   (You found it in the Dungeon)

   [ring of resist corrosion]

   It affects your accuracy and damage with ranged weapons and melee attacks
   (-2).
   It greatly protects you from fire.
   It insulates you from electricity.
   It protects you from poison.
   It provides partial protection from all sources of acid and corrosion.
 K - an uncursed ring of fire
 L - the ring of Leskouh {Fire rPois rN+}
   (You found it in the Dungeon)

   [ring of fire]

   It enhances your fire magic.
   It protects you from fire.
   It makes you vulnerable to cold.
   It protects you from poison.
   It protects you from negative energy.
Wands
 h - a wand of disintegration (8)
 v - a wand of iceblast (4)
 C - a wand of flame (30)
Scrolls
 j - a scroll of torment
 k - a scroll of fear
 l - 2 scrolls of remove curse
 n - 2 scrolls of holy word
 s - a scroll of silence
 t - 5 scrolls of amnesia
 y - a scroll of enchant armour
 B - 3 scrolls of identify
 G - 3 scrolls of acquirement
 N - a scroll of blinking
Potions
 a - 2 potions of mutation
 d - 3 potions of curing
 e - 2 potions of heal wounds
 f - a potion of haste
 g - a potion of magic
 m - a potion of flight
 r - a potion of lignification
 M - a potion of cancellation
Books
 J - a manual of Polearms
Miscellaneous
 o - a condenser vane (1/2)
 D - a box of beasts (3/3)
 E - a phantom mirror


   Skills:
 + Level 5.7 Dodging
 - Level 2.6 Stealth
 - Level 0.9 Unarmed Combat
 + Level 24.7 Spellcasting
 + Level 4.7 Conjurations
 + Level 4.5 Transmutations
 * Level 9.0 Fire Magic
 + Level 1.0 Air Magic
 O Level 27 Earth Magic
 + Level 0.3 Poison Magic
 + Level 4.3 Evocations


You had 3 spell levels left.
You knew the following spells:

 Your Spells              Type           Power        Failure   Level
a - Sandblast             Erth           ######       0%          1
b - Passwall              Tmut/Erth      #######.     0%          2
c - Stone Arrow           Conj/Erth      ######       0%          3
d - Lee's Rapid Deconstr  Erth           ########..   0%          5
e - Petrify               Tmut/Erth      #######.     0%          4
f - Mephitic Cloud        Conj/Pois/Air  ####....     1%          3
g - Sticky Flame          Conj/Fire      ######..     1%          4
h - Bolt of Magma         Conj/Fire/Erth #######...   1%          5
i - Iron Shot             Conj/Erth      #######...   1%          6
j - Shatter               Erth           ########..   1%          9
k - Fire Storm            Conj/Fire      ######....   99%         9
l - Ignition              Fire           ######....   24%         8

Your spell library contained the following spells:

 Spells                   Type           Power        Failure   Level
 Absolute Zero            Ice            ###.......   100%        9
 Corona                   Hex            ###....      1%          1
 Magic Dart               Conj           ####         1%          1
 Summon Small Mammal      Summ           ###.         1%          1
 Blink                    Tloc           N/A          1%          2
 Call Imp                 Summ           ###.....     1%          2
 Slow                     Hex            ###.....     1%          2
 Call Canine Familiar     Summ           ###.....     1%          3
 Confusing Touch          Hex            ###.....     1%          3
 Conjure Flame            Conj/Fire      ######..     1%          3
 Gell's Gravitas          Tloc           ###.......   1%          3
 Inner Flame              Hex/Fire       #####...     1%          3
 Portal Projectile        Hex/Tloc       ###...       1%          3
 Summon Guardian Golem    Hex/Summ       ###.....     1%          3
 Leda's Liquefaction      Hex/Erth       #######...   1%          4
 Yara's Violent Unravell  Hex/Tmut       ####......   2%          5
 Summon Lightning Spire   Summ/Air       ####....     4%          4
 Cause Fear               Hex            ###.......   6%          4
 Summon Ice Beast         Ice/Summ       ###.....     6%          4
 Metabolic Englaciation   Hex/Ice        ###.......   16%         5
 Haunt                    Necr/Summ      ###.......   99%         7
 Borgnjor's Revivificati  Necr           ###.......   100%        8
 Infestation              Necr           ###.......   100%        8
 Necromutation            Tmut/Necr      ####......   100%        8
 Death's Door             Necr           ###.......   100%        9
 Statue Form              Tmut/Erth      Unusable     N/A         6

Dungeon Overview and Level Annotations

Branches:
Dungeon (1/1)

Altars:
Cheibriados
Dithmenos
Elyvilon
Fedhas
Gozag
Hepliaklqana
Kikubaaqudgha
Makhleb
Nemelex Xobeh
Okawaru
Qazlal
Ru
Sif Muna
Trog
Uskayaw
Vehumet
Wu Jian
Xom
Yredelemnul
Zin
The Shining One
Beogh
Jiyva
Lugonu

Shops:
D =:[?}[}}}}!((:=*[?:


Innate Abilities, Weirdness & Mutations

You are resistant to torment.
Your stone body is resilient. (AC +10)
You are immune to poison.
Your large and strong wings let you fly indefinitely.
You resist negative energy. (rN+)
You are resistant to electric shocks. (rElec)
You can survive without breathing.
You are immune to petrification.
You are immune to rotting.
You can translocate small distances at will.
Your flesh is cold resistant. (rC+)


Message History

Casting: Stone Arrow (safe; 0% risk of failure)
Confirm with . or Enter, or press ? or * to list all spells.
Aiming: Lee's Rapid Deconstruction (safe; 0% risk of failure)
Press: ? - help, Dir - move target cursor, f/p - bone dragon Fragment what (e.g. wall or brittle monster)?: a bone dragon (freezing vapour, almost destroyed)
You feel a surge of power! That beam is likely to hit you.
Continue anyway?
Okay, then.
Okay, then.
Unknown command.
Casting: Lee's Rapid Deconstruction (safe; 0% risk of failure)
Confirm with . or Enter, or press ? or * to list all spells.
Press: ? - help, Dir - move target cursor, p - bone dragon A stone wall.
You feel a surge of power!
The wall shatters!
The blast of rock fragments hits the bone dragon!
The bone dragon is almost destroyed.
The bone dragon is engulfed in freezing vapours.
The bone dragon bites you!
You die...

.#..).)#)#..#.....^#
.#.#.#)'.#..#.....^#
##..#..#.#..#.....^#
.#)....###########'#
.####### ###.# .#
#.#.# .# #+#+#+#§#'#
.# ....^.§D§.# ##
^^...^§@§.#
#+#+#+#+#)# #.# ▓▓▓


You could see a bone dragon.

Vanquished Creatures
  Sojobo (D)
  the Lernaean hydra (D)
  A lich (D)
  A deep elf blademaster (D)
  Chuck (D)
  2 shadow dragons (D)
  Dowan (D)
  Azrael (D)
  4 deep elf demonologists (D)
  Snorg (D)
  A deep elf high priest (D)
  3 yaktaur captains (D)
  A fire dragon (D)
  An ogre mage (D)
  A deep elf death mage (D)
  3 hydras (D)
  2 centaur warriors (D)
  An anaconda (shapeshifter) (D)
  4 dancing weapons (D)
  Urug (D)
  4 orc high priests (D)
  A skeletal warrior (D)
  An unseen horror (D)
  A death drake (D)
  A spriggan druid (D)
  A lindwurm (D)
  2 obsidian statues (D)
  A swamp dragon (D)
  8 ugly things (D)
  4 crystal guardians (D)
  6 deep elf magi (D)
  2 oklob plants (D)
  A manticore (shapeshifter) (D)
  A stone giant skeleton (D)
  4 statues (D)
  Duvessa (D)
  2 cane toads (D)
  A rime drake (D)
  A komodo dragon (D)
  An anaconda simulacrum (D)
  2 yaktaurs (D)
  3 wandering mushrooms (D)
  4 spriggan defenders (D)
  A queen bee (D)
  2 tyrant leeches (D)
  3 slime creatures (D)
  A shadow (D)
  2 spriggans (D)
  3 redbacks (D)
  A spatial vortex (D)
  A floating eye (shapeshifter) (D)
  A floating eye (D)
  3 swamp drakes (D)
  An orc warrior (D)
  2 black mamba simulacra (D)
  A necrophage (D)
  2 centaurs (D)
  An earth elemental (D)
  A water elemental (D)
  A scorpion (D)
  32 killer bees (D)
  An electric eel (D)
  A jelly (D)
  A wizard (D)
  4 orc priests (D)
  5 orc wizards (D)
  2 necromancers (D)
  A polar bear simulacrum (D)
  A wolf simulacrum (D)
  A kobold demonologist (D)
  3 humans (D)
  2 oozes (D)
  8 orcs (D)
  6 bushes (D)
180 creatures vanquished.

Vanquished Creatures (others)
  13 plants (D)
13 creatures vanquished.

Grand Total: 193 creatures vanquished

Notes
Turn   | Place    | Note
-------+----------+-------------------------------------------
     0 | D        | mhtbhm the Gargoyle Earth Elementalist began the quest for
                  | the Orb.
     0 | D        | Reached XP level 1. HP: 10/10 MP: 3/3
     3 | D        | Reached skill level 4 in Earth Magic
    15 | D        | Reached skill level 5 in Earth Magic
    15 | D        | Reached XP level 2. HP: 3/15 MP: 0/5
    74 | D        | Learned a level 2 spell: Passwall
   237 | D        | Gained mutation: You are somewhat resistant to further
                  | mutation. [potion of mutation]
   238 | D        | Lost mutation: You are somewhat resistant to further
                  | mutation. [potion of mutation]
   238 | D        | Gained mutation: You can translocate small distances at
                  | will. [potion of mutation]
   238 | D        | Gained mutation: Your flesh is cold resistant. (rC+)
                  | [potion of mutation]
   239 | D        | Noticed a scorpion
   252 | D        | Killed a scorpion
   252 | D        | Reached skill level 1 in Transmutations
   252 | D        | Reached skill level 7 in Earth Magic
   252 | D        | Reached XP level 3. HP: 16/19 MP: 0/8
   252 | D        | Reached XP level 4. HP: 20/24 MP: 0/9
   368 | D        | Learned a level 3 spell: Stone Arrow
   378 | D        | Reached skill level 8 in Earth Magic
   420 | D        | Noticed a water elemental
   424 | D        | Killed a water elemental
   424 | D        | Reached skill level 5 in Spellcasting
   424 | D        | Reached skill level 9 in Earth Magic
   424 | D        | Reached XP level 5. HP: 28/28 MP: 6/12
   473 | D        | Learned a level 5 spell: Lee's Rapid Deconstruction
   521 | D        | Found a radiant altar of Vehumet.
   521 | D        | Found a shimmering blue altar of Sif Muna.
   521 | D        | Found an ancient bone altar of Kikubaaqudgha.
   523 | D        | Reached skill level 10 in Earth Magic
   525 | D        | Noticed a red devil
   550 | D        | Became a worshipper of Vehumet
   556 | D        | Learned a level 4 spell: Petrify
   629 | D        | Found a basalt altar of Yredelemnul.
   629 | D        | Found a shadowy altar of Dithmenos.
   629 | D        | Found a sacrificial altar of Ru.
   629 | D        | Noticed a necrophage
   631 | D        | Killed a necrophage
   631 | D        | Reached skill level 11 in Earth Magic
   631 | D        | Reached XP level 6. HP: 30/32 MP: 3/16
   640 | D        | Learned a level 3 spell: Mephitic Cloud
   722 | D        | Found a hide-covered altar of Uskayaw.
   722 | D        | Found a roughly hewn altar of Beogh.
   722 | D        | Found an iron altar of Okawaru.
   722 | D        | Found a bloodstained altar of Trog.
   722 | D        | Found an ornate altar of the Wu Jian Council.
   722 | D        | Noticed a human
   722 | D        | Noticed a human
   725 | D        | Killed a human
   725 | D        | Reached * piety under Vehumet
   725 | D        | Offered knowledge of Freeze by Vehumet.
   725 | D        | Reached skill level 12 in Earth Magic
   725 | D        | Reached XP level 7. HP: 36/36 MP: 1/18
   726 | D        | Killed a human
   726 | D        | Reached skill level 13 in Earth Magic
   828 | D        | Found a glowing silver altar of Zin.
   828 | D        | Found a glowing golden altar of the Shining One.
   828 | D        | Found a white marble altar of Elyvilon.
   828 | D        | Noticed a deep elf mage
   830 | D        | Killed a deep elf mage
   830 | D        | Reached skill level 10 in Spellcasting
   830 | D        | Reached skill level 14 in Earth Magic
   830 | D        | Reached XP level 8. HP: 41/41 MP: 12/22
   922 | D        | Reached ** piety under Vehumet
   922 | D        | Offered knowledge of Foxfire by Vehumet.
   922 | D        | Noticed a shadow
   932 | D        | Killed a shadow
  1018 | D        | Found a blossoming altar of Fedhas.
  1018 | D        | Found a stormy altar of Qazlal.
  1018 | D        | Found a snail-covered altar of Cheibriados.
  1018 | D        | Found a burning altar of Makhleb.
  1018 | D        | Found a shimmering altar of Xom.
  1019 | D        | Found a hazy altar of Hepliaklqana.
  1019 | D        | Found an opulent altar of Gozag.
  1019 | D        | Found a sparkling altar of Nemelex Xobeh.
  1019 | D        | Found a corrupted altar of Lugonu.
  1019 | D        | Found a viscous altar of Jiyva.
  1090 | D        | Noticed Snorg
  1131 | D        | Killed Snorg
  1131 | D        | Offered knowledge of Dazzling Flash by Vehumet.
  1131 | D        | Reached skill level 1 in Conjurations
  1131 | D        | Reached skill level 16 in Earth Magic
  1131 | D        | Reached XP level 9. HP: 41/45 MP: 1/25
  1279 | D        | Reached *** piety under Vehumet
  1371 | D        | Offered knowledge of Sticky Flame by Vehumet.
  1371 | D        | Noticed a centaur warrior
  1372 | D        | Killed a centaur warrior
  1372 | D        | Reached skill level 17 in Earth Magic
  1465 | D        | Killed an unseen horror
  1465 | D        | Reached **** piety under Vehumet
  1465 | D        | Reached XP level 10. HP: 35/50 MP: 14/28
  1562 | D        | Learned a level 4 spell: Sticky Flame
  1563 | D        | Offered knowledge of Bolt of Magma by Vehumet.
  1564 | D        | Reached ***** piety under Vehumet
  1567 | D        | Reached skill level 18 in Earth Magic
  1568 | D        | Reached ****** piety under Vehumet
  1577 | D        | Reached skill level 1 in Evocations
  1582 | D        | Reached skill level 15 in Spellcasting
  1689 | D        | Learned a level 5 spell: Bolt of Magma
  1723 | D        | Offered knowledge of Olgreb's Toxic Radiance by Vehumet.
  1736 | D        | Reached skill level 19 in Earth Magic
  1885 | D        | Found Napp's Jewellery Boutique.
  1885 | D        | Noticed an orc high priest
  1889 | D        | Noticed an orc high priest
  1891 | D        | Noticed a smoke demon
  1892 | D        | Killed an orc high priest
  1893 | D        | Offered knowledge of Hailstorm by Vehumet.
  1894 | D        | Noticed a rust devil
  1894 | D        | Reached XP level 11. HP: 54/54 MP: 12/30
  1896 | D        | Killed an orc high priest
  1987 | D        | Bought an uncursed ring of magical power for 280 gold
                  | pieces
  1987 | D        | Bought an uncursed ring of wizardry for 420 gold pieces
  2076 | D        | Noticed a deep elf mage
  2076 | D        | Noticed a deep elf mage
  2076 | D        | Noticed a deep elf mage
  2076 | D        | Noticed a deep elf mage
  2076 | D        | Noticed a deep elf mage
  2085 | D        | Killed a deep elf mage
  2086 | D        | Killed a deep elf mage
  2086 | D        | Reached skill level 20 in Earth Magic
  2086 | D        | Killed a deep elf mage
  2086 | D        | Offered knowledge of Iron Shot by Vehumet.
  2087 | D        | Killed a deep elf mage
  2087 | D        | Killed a deep elf mage
  2111 | D        | Noticed a deep elf demonologist
  2112 | D        | Noticed a deep elf demonologist
  2114 | D        | Noticed a Tzitzimitl
  2115 | D        | Noticed a deep elf high priest
  2116 | D        | Killed a deep elf demonologist
  2116 | D        | Killed a deep elf high priest
  2116 | D        | Reached skill level 21 in Earth Magic
  2118 | D        | Killed a deep elf demonologist
  2119 | D        | Noticed a deep elf blademaster
  2167 | D        | Noticed a deep elf demonologist
  2172 | D        | Killed a deep elf demonologist
  2172 | D        | Noticed a deep elf demonologist
  2174 | D        | Killed a deep elf demonologist
  2174 | D        | Reached skill level 22 in Earth Magic
  2174 | D        | Reached XP level 12. HP: 59/59 MP: 16/33
  2184 | D        | Learned a level 6 spell: Iron Shot
  2269 | D        | Noticed a deep elf death mage
  2312 | D        | Killed a deep elf death mage
  2417 | D        | Bought an uncursed ring of flight for 245 gold pieces
  2450 | D        | Killed a deep elf blademaster
  2482 | D        | Got a flickering graven amulet
  2568 | D        | Identified the amulet "Bugref" {Reflect Fragile MR++ Str+3
                  | Slay+3 SH+5} (You found it in the Dungeon)
  2647 | D        | Offered knowledge of Spellforged Servitor by Vehumet.
  2856 | D        | Reached skill level 23 in Earth Magic
  2924 | D        | Offered knowledge of Iskenderun's Battlesphere by Vehumet.
  2993 | D        | Noticed Urug
  3003 | D        | Killed Urug
  3205 | D        | Learned a level 9 spell: Shatter
  3211 | D        | Noticed a six-headed hydra
  3211 | D        | Noticed an eight-headed hydra
  3218 | D        | Killed an eight-headed hydra
  3218 | D        | Killed a six-headed hydra
  3226 | D        | Offered knowledge of Orb of Destruction by Vehumet.
  3367 | D        | Found a blossoming altar of Fedhas.
  3429 | D        | Reached skill level 24 in Earth Magic
  3552 | D        | Found Ischiff's Antique Weapon Emporium.
  3552 | D        | Found Jorom's Jewellery Shop.
  3552 | D        | Found Ylailoh's Distillery.
  3552 | D        | Found Ocwioshro's Book Shoppe.
  3552 | D        | Found Best's Antique Weapon Boutique.
  3552 | D        | Found Luts's Book Emporium.
  3552 | D        | Found Faboz's Gadget Shoppe.
  3552 | D        | Found Deodymp's Magic Scroll Shop.
  3552 | D        | Found Tobemn's Antique Armour Emporium.
  3552 | D        | Found Joaraug's Gadget Emporium.
  3552 | D        | Found Wuudiritz's Assorted Antiques.
  3583 | D        | Bought a condenser vane (2/2) for 220 gold pieces
  3589 | D        | Bought a pair of glowing gloves for 127 gold pieces
  3595 | D        | Bought a scroll of holy word for 75 gold pieces
  3601 | D        | Bought a potion of heal wounds for 65 gold pieces
  3601 | D        | Bought a potion of curing for 39 gold pieces
  3601 | D        | Bought a potion of heal wounds for 65 gold pieces
  3601 | D        | Bought a potion of curing for 39 gold pieces
  3607 | D        | Bought a scroll labeled ZOMANIGGUH for 25 gold pieces
  3609 | D        | Bought a scroll of identify for 20 gold pieces
  3629 | D        | Reached XP level 13. HP: 63/63 MP: 36/36
  3630 | D        | Offered knowledge of Lehudib's Crystal Spear by Vehumet.
  3868 | D        | Found Toschaesch's Gadget Emporium.
  3868 | D        | Found Aqiomed's Gadget Shop.
  3868 | D        | Found Gisess's Armour Shop.
  3868 | D        | Found Xukhuoxt's Gadget Shoppe.
  3870 | D        | Offered knowledge of Fire Storm by Vehumet.
  3870 | D        | Offered knowledge of Ignition by Vehumet.
  3870 | D        | Offered knowledge of Absolute Zero by Vehumet.
  4018 | D        | Reached skill level 25 in Earth Magic
  4158 | D        | Got a wavering lapis lazuli ring
  4160 | D        | Identified the ring of Rexkoype {rElec rPois rF++ rCorr
                  | Slay-2} (You found it in the Dungeon)
  4229 | D        | Noticed a fire dragon
  4238 | D        | Killed a fire dragon
  4238 | D        | Reached skill level 1 in Fire Magic
  4361 | D        | Reached skill level 1 in Air Magic
  4388 | D        | Reached skill level 5 in Dodging
  4500 | D        | Learned a level 9 spell: Fire Storm
  4565 | D        | Noticed a yaktaur captain
  4572 | D        | Killed a yaktaur captain
  4885 | D        | Noticed a yaktaur captain
  4887 | D        | HP: 2/63 [yaktaur captain/bolt (35)]
  4894 | D        | Killed a yaktaur captain
  5205 | D        | Noticed Azrael
  5209 | D        | Killed Azrael
  5209 | D        | Reached skill level 26 in Earth Magic
  5283 | D        | Noticed Dowan
  5284 | D        | Noticed Duvessa
  5290 | D        | Killed Dowan
  5291 | D        | Killed Duvessa
  5478 | D        | Noticed the 27-headed Lernaean hydra
  5483 | D        | Killed the 27-headed Lernaean hydra
  5483 | D        | Gained mutation: Your large and strong wings let you fly
                  | indefinitely. [Gargoyle growth]
  5483 | D        | Reached XP level 14. HP: 68/68 MP: 17/40
  5568 | D        | Found Arhi's Book Emporium.
  5568 | D        | Found Tanupp's Antique Armour Shop.
  5676 | D        | Found Resilir's Magic Scroll Shoppe.
  5685 | D        | Bought a glowing cloak for 217 gold pieces
  5685 | D        | Bought a pair of embroidered boots for 217 gold pieces
  5696 | D        | Upgraded the game from 0.26-a0-663-g36e8fdb655 to
                  | 0.26-a0-665-gefeb406119
  5715 | D        | Got a decaying rune of Zot
  5793 | D        | Found the +7 lajatang of Order {silver, rMut}
  5799 | D        | Got a scintillating lead ring
  6033 | D        | Identified the ring of Leskouh {Fire rPois rN+} (You found
                  | it in the Dungeon)
  6085 | D        | Reached skill level 27 in Earth Magic
  6113 | D        | Noticed Sojobo
  6119 | D        | Killed Sojobo
  6277 | D        | Noticed Chuck
  6283 | D        | Killed Chuck
  6426 | D        | Noticed a lich
  6428 | D        | Killed a lich
  6532 | D        | Noticed a shadow dragon
  6532 | D        | Noticed a shadow dragon
  6542 | D        | Learned a level 8 spell: Ignition
  6553 | D        | Killed a shadow dragon
  6575 | D        | Killed a shadow dragon
  6958 | D        | Noticed a bone dragon
  6980 | D        | Mangled by a bone dragon

Illustrated notes

Levels and vault maps discovered:
D:        dungeon_sprint_mu [sprint_mu_entry_forest, sprint_mu_temple_rooms,
          sprint_mu_d1_horrors, sprint_mu_d2_genie, sprint_mu_d3_branching,
          sprint_mu_orc_legion, sprint_mu_elf_gauntlet, sprint_mu_hive_nellie,
          sprint_mu_lair_fedhas, sprint_mu_vaults_butterflies,
          sprint_mu_slime_circle, sprint_mu_swamp_cave, sprint_mu_snake_twists,
          sprint_mu_blade_basic, sprint_mu_crypt_chambers,
          sprint_mu_tomb_spiral, sprint_mu_vestibule_basic,
          sprint_mu_gehenna_hellfire, sprint_mu_dis_giant,
          sprint_mu_tartarus_statrot, sprint_mu_cocytus_islands, sprint_mu_zot1]

Skill      XL: |  1  2  3  4  5  6  7  8  9 10 11 12 13 14 |
---------------+-------------------------------------------+-----
Earth Magic    | 5 7 9 11 12 14 16 17 19 22 24 26 27 | 27.0
Dodging        | 2 3 4 5 |  5.7
Spellcasting   | 3 5 7 8 10 12 14 15 17 19 22 24 | 24.7
Transmutations | 1 2 3 4 |  4.5
Conjurations   | 1 2 3 4 |  4.7
Evocations     | 2 3 4 |  4.3
Fire Magic     | 1 9 |  9.0
Air Magic      | 1 |  1.0
Stealth        | |  2.6
Unarmed Combat | |  0.9
Poison Magic   | |  0.3

Action                   |  1- 3 |  4- 6 |  7- 9 | 10-12 | 13-15 || total
-------------------------+-------+-------+-------+-------+-------++-------
Melee: Unarmed           |     6 |       |       |       |       ||     6
       Staff             |       |       |       |       |    36 ||    36
 Cast: Sandblast         |     9 |     8 |     1 |     3 |     7 ||    28
       Passwall          |     1 |       |       |     2 |     2 ||     5
       Lee's Rapid Decon |       |     6 |    22 |    88 |    97 ||   213
       Stone Arrow       |       |       |     1 |    12 |     1 ||    14
       Petrify           |       |       |     1 |     9 |     5 ||    15
       Iron Shot         |       |       |       |     2 |     7 ||     9
       Mephitic Cloud    |       |       |       |     1 |     2 ||     3
       Bolt of Magma     |       |       |       |       |     5 ||     5
       Shatter           |       |       |       |       |     4 ||     4
 Abil: Evoke Flight      |       |       |       |     2 |     2 ||     4
       Blink             |       |       |       |       |     1 ||     1
       Fly               |       |       |       |       |     1 ||     1
Evoke: Wand              |       |       |     1 |     8 |     3 ||    12
       Condenser vane    |       |       |       |       |     3 ||     3
  Use: Potion            |     3 |       |     1 |       |     5 ||     9
       Scroll            |       |       |     1 |     2 |    10 ||    13
Armor: Robe              |     1 |     1 |     2 |    11 |    45 ||    60
Dodge: Dodged            |     6 |     1 |     1 |    18 |    39 ||    65
Block: Other             |       |       |       |     4 |    12 ||    16

Table legend: (Time is in decaauts)
 A = Elapsed time spent in this place.
 B = Non-inter-level travel time spent in this place.
 C = Inter-level travel time spent in this place.
 D = Time resting spent in this place.
 E = Time spent auto-exploring this place.
 F = Levels seen in this place.
 G = Mean time per level.
                   A        B        C        D        E       F      G
               +--------+--------+--------+--------+--------+-----+--------+
         Total |   7005 |   7005 |      0 |   4738 |      1 |   1 | 7005.0 |
       Dungeon |   7005 |   7005 |      0 |   4738 |      1 |   1 | 7005.0 |
               +--------+--------+--------+--------+--------+-----+--------+

Top non-repeatable levels by time:
       D: 7005 daAuts
